 Dungeon Crawl Stone Soup version 0.27.0-1-g7a089689b8 (webtiles) character file.

Game seed: 3463609158634732745

112 vvl the Firebug (level 4, -5/32 HPs)
             Began as a Demonspawn Fire Elementalist on Aug 3, 2021.
             Slain by an orc (9 damage)
             ... on level 3 of the Dungeon.
             The game lasted 00:08:44 (3256 turns).

vvl the Firebug (Demonspawn Fire Elementalist)      Turns: 3256, Time: 00:08:44

Health: -5/32      AC:  2    Str:  9    XL:     4   Next: 63%
Magic:  4/7        EV: 12    Int: 17    God:
Gold:   70         SH:  4    Dex: 13    Spells: 6/7 levels left

rFire    . . .     SeeInvis .   j - +3 whip
rCold    . . .     Faith    .   (no shield)
rNeg     . . .     Spirit   .   a - +0 robe
rPois    .         Reflect  .   (no helmet)
rElec    .         Harm     .   (no cloak)
rCorr    .         Rampage  .   (no gloves)
Will     .....                  (no boots)
Stlth    ++........             (no amulet)
HPRegen  0.10/turn              (no ring)
MPRegen  0.10/turn              (no ring)

@: hasted, very quick
A: claws 1, condensation shield
a: no special abilities


You were on level 3 of the Dungeon.
You visited 1 branch of the dungeon, and saw 3 of its levels.

You collected 70 gold pieces.

Inventory:

Hand Weapons
 j - a +3 whip (weapon)
Missiles
 d - a throwing net
Armour
 a - a +0 robe (worn)
 l - a +0 ring mail
Wands
 h - a wand of mindburst (10)
Scrolls
 b - a scroll of vulnerability {unknown}
 c - a scroll of amnesia {unknown}
 g - a scroll of noise {unknown}
 m - a scroll of enchant armour {unknown}
Potions
 e - a potion of mutation {unknown}
 f - a potion of might {unknown}
 i - a potion of berserk rage {unknown}
 k - a potion of haste


   Skills:
 + Level 1.3 Fighting
 + Level 0.3 Armour
 - Level 2.0 Dodging
 - Level 2.0 Stealth
 + Level 1.1 Unarmed Combat
 + Level 2.4 Spellcasting
 + Level 1.9 Conjurations
 + Level 0.8 Transmutations
 + Level 3.3 Fire Magic


You had 6 spell levels left.
You knew the following spells:

 Your Spells              Type           Power      Damage    Failure   Level
a - Foxfire               Conj/Fire      44%        2x1d6     6%          1

Your spell library contained the following spells:

 Spells                   Type           Power      Damage    Failure   Level
 Conjure Flame            Conj/Fire      11%        6-21      19%         3
 Inner Flame              Hex/Fire       7%         N/A       28%         3
 Sticky Flame             Conj/Fire      11%        2d3       52%         4
 Fireball                 Conj/Fire      5%         3d5       86%         5


Dungeon Overview and Level Annotations

Branches:
Dungeon (3/15)

Altars:


Innate Abilities, Weirdness & Mutations

You have sharp fingernails.
A meltable shield of frost defends you. (SH +4)


Message History

Unknown command.
Something hits you.
Things that are here:
a +0 falchion; a +0 leather armour; an orc corpse You hear some strange, mumbled words.
Something tries to affect you, but you resist.
You are too injured to fight recklessly!
Casting: Foxfire (safe; 6% risk of failure)
Confirm with . or Enter, or press ? or * to list all spells.
You conjure some foxfire!
Casting: Foxfire (safe; 6% risk of failure)
Confirm with . or Enter, or press ? or * to list all spells.
You conjure some foxfire!
The foxfire hits something.
The foxfire hits something but does no damage.
Casting: Foxfire (safe; 6% risk of failure)
Confirm with . or Enter, or press ? or * to list all spells.
You conjure some foxfire!
The foxfire hits something.
Something hits you.
The foxfire hits the orc.
The orc is almost dead.
Casting: Foxfire (safe; 6% risk of failure)
Confirm with . or Enter, or press ? or * to list all spells.
You conjure some foxfire!
Something hits you but does no damage.
The foxfire hits the orc.
The orc is lightly wounded.
You hit something.
The foxfire hits something.
Something hits you but does no damage. The orc hits you with a +0 short sword.
* * * LOW HITPOINT WARNING * * *
You closely miss something.
An orc wizard appears from thin air!
Reactivating autopickup.
The orc wizard hits you with a +0 dagger.
* * * LOW HITPOINT WARNING * * *
The orc completely misses you. The orc hits you with a +0 short sword.
* * * LOW HITPOINT WARNING * * *
The orc wizard points at you and mumbles some strange words.
You resist with some effort. The orc hits you but does no damage.
The orc wizard barely misses you.
Unknown command.
It was a potion of haste.
You feel yourself speed up. The orc hits you with a +0 war axe!
You die...

#.##.##.# . #.##.##.# #.#
#.......# #....##.# #.#
####.#### #..####.# #.# #.#
##########.. ..# #.#
#.#######.o.o...### ### #..
#......##)#####.###.# #####
######...)..........######....
####.#####o######........
#....@o.# #.###.... #########
###.. #.. #.. #.. #.. ### #.
#.


You could see 2 orcs.

Vanquished Creatures
  A jelly (D:3)
  2 adders (D:2)
  4 worms
  2 dart slugs
  2 orcs (D:3)
  3 ball pythons (D:2)
  4 bats
  An endoplasm (D:2)
  8 giant cockroaches
  3 hobgoblins
  4 kobolds
  A quokka (D:1)
  2 frilled lizards
  4 goblins
  3 rats
44 creatures vanquished.

Vanquished Creatures (others)
  165 foxfires
165 creatures vanquished.

Grand Total: 209 creatures vanquished

Notes
Turn   | Place    | Note
-------+----------+-------------------------------------------
     0 | D:1      | vvl the Demonspawn Fire Elementalist began the quest for
                  | the Orb.
     0 | D:1      | Reached XP level 1. HP: 13/13 MP: 3/3
   547 | D:1      | Gained mutation: A meltable shield of frost defends you.
                  | (SH +4) [demonic ancestry]
   547 | D:1      | Reached XP level 2. HP: 19/19 MP: 0/5
  1226 | D:1      | Reached skill level 3 in Fire Magic
  1595 | D:2      | Gained mutation: You have sharp fingernails. [demonic
                  | ancestry]
  1595 | D:2      | Reached XP level 3. HP: 25/25 MP: 3/6
  2050 | D:2      | Reached skill level 1 in Fighting
  2220 | D:2      | Reached skill level 1 in Unarmed Combat
  2902 | D:3      | Reached XP level 4. HP: 32/32 MP: 3/7
  3256 | D:3      | Slain by an orc

Illustrated notes

Levels and vault maps discovered:
D:1:      dpeg_arrival_pond, layout_basic, minmay_worlds_worst_comb
D:2:      layout_loops_ring
D:3:      layout_loops_cross, gammafunk_ghost_grave

Skill      XL: |  1  2  3 |
---------------+----------+-----
Fire Magic     | 3 |  3.3
Stealth        | 2 |  2.0
Dodging        | 2 |  2.0
Fighting       | 1 |  1.3
Unarmed Combat | 1 |  1.1
Armour         | |  0.3
Spellcasting   | |  2.4
Conjurations   | |  1.9
Transmutations | |  0.8

Action                   |  1- 3 |  4- 6 || total
-------------------------+-------+-------++-------
Melee: Unarmed           |    93 |       ||    93
       Whip              |       |    20 ||    20
       Punch             |       |     1 ||     1
 Cast: Foxfire           |   100 |    17 ||   117
  Use: Potion            |       |     1 ||     1
Armor: Robe              |    26 |     4 ||    30
Dodge: Dodged            |    64 |    16 ||    80
Block: Other             |    17 |     2 ||    19
